 Dungeon Crawl Stone Soup version 0.17-a0-2217-ga280b8d (webtiles) character file.

73 Enroth the Ducker (level 4, -2/19 HPs)
             Began as a Felid Transmuter on Oct 28, 2015.
             Killed from afar by an orc wizard (6 damage)
             ... with a magic dart
             ... on level 3 of the Dungeon.
             The game lasted 00:10:23 (2869 turns).

Enroth the Ducker (Felid Transmuter)                Turns: 2869, Time: 00:10:23

Health: -2/19      AC:  1    Str:  6    XL:     4   Next: 8%
Magic:  9/9        EV: 19    Int: 14    God:
Gold:   65         SH:  0    Dex: 17    Spells: 2 memorised, 4 levels left
                                        Lives:  0   Deaths: 1

rFire  . . .     SeeInvis +       - Unarmed
rCold  . . .     Clarity  +     (armour unavailable)
rNeg   . . .     SustAt   .     (shield unavailable)
rPois  .         Gourm    .     (helmet unavailable)
rElec  .         Spirit   .     (cloak unavailable)
rCorr  .         Warding  .     (gloves unavailable)
rMut   .         Stasis   .     (boots unavailable)
MR     .....                    n - amulet of clarity
Stlth  ++........               (no ring)
                                (no ring)

@: quick, not resistant to hostile enchantments, unstealthy
A: no armour, no weapons or thrown items, claws 1, fangs 3, see invisible,
carnivore 3, speed 1, shaggy fur 1, slow metabolism 1, sharp paws
a: no special abilities


You were on level 3 of the Dungeon.
You were not hungry.

You visited 1 branch of the dungeon, and saw 3 of its levels.

You collected 65 gold pieces.

Inventory:

Missiles
 a - 12 arrows
Jewellery
 h - an uncursed amulet of warding
 n - an amulet of clarity (around neck)
Wands
 o - a wand of slowing (8)
Scrolls
 e - a scroll of amnesia {unknown}
 f - 2 scrolls of magic mapping {unknown}
 i - a scroll of enchant weapon {unknown}
 j - a scroll of noise {unknown}
Potions
 d - 2 potions of resistance {unknown}
 g - a potion of haste {unknown}
 k - a potion of brilliance {unknown}
 l - a potion of degeneration {unknown}
Books
 b - a book of Changes

   Spells                             Type                      Level
   a - Beastly Appendage              Transmutation                1
   b - Sticks to Snakes               Transmutation                2
   c - Spider Form                    Transmutation/Poison         3
   d - Ice Form                       Ice/Transmutation            4
   e - Blade Hands                    Transmutation                5
Comestibles
 c - 3 meat rations
 m - a beef jerky


   Skills:
 * Level 1.8 Fighting
 * Level 3.8 Dodging
 + Level 1.5 Stealth
 + Level 3.7 Unarmed Combat
 + Level 2.6 Spellcasting
 + Level 2.5 Transmutations
 * Level 0.8 Poison Magic


You had 4 spell levels left.
You knew the following spells:

 Your Spells              Type           Power        Failure   Level  Hunger
a - Beastly Appendage     Trmt           #.....       10%         1    #......
b - Spider Form           Trmt/Pois      #.........   38%         3    ###....


Dungeon Overview and Level Annotations

Branches:
Dungeon (3/15)

Altars:
Cheibriados
Nemelex Xobeh
Yredelemnul

Annotations:
D:3 Terence


Innate Abilities, Weirdness & Mutations

You cannot wear armour.
You are incapable of wielding weapons or throwing items.
You have sharp claws.
You have razor-sharp teeth.
You have supernaturally acute eyesight.
You are carnivorous and can eat meat at any time.
You cover ground quickly.
You are covered in fur (AC +1).
You have a slow metabolism.
Your sharp claws are effective at attacking unaware monsters.


Message History

You closely miss the orc wizard.
The orc wizard is almost dead.
The orc wizard completely misses you.
You barely miss the orc wizard. You bite the orc wizard.
The orc wizard is almost dead.
The orc wizard misses you.
You closely miss the orc wizard.
The orc wizard is almost dead.
The orc wizard gestures at you while chanting.
The magic dart hits you!
* * * LOW HITPOINT WARNING * * *
You closely miss the orc wizard.
The orc wizard is almost dead.
The orc wizard hits you with a dagger.
* * * LOW HITPOINT WARNING * * *
You scratch the orc wizard but do no damage.
The orc wizard is almost dead.
The orc wizard gestures at you while chanting.
The magic dart hits you!
You die...

######
#######....##
.....!...w.># #.#
#.# #.# # #†# #.
#@# #.##o#
#..#'##########
.##.............#
#................#
##...............#
#........†<......#
.....#...........#
.....#####....####


You could see an orc wizard (invisible).

Vanquished Creatures
  An orc priest (D:3)
  3 adders
  A gnoll (D:2)
  An ooze (D:2)
  A worm (D:2)
  An orc (D:2)
  5 giant cockroaches
  8 goblins
  7 hobgoblins
  4 kobolds
  2 quokkas (D:2)
  A ball python (D:1)
  3 bats
  3 giant newts
  4 rats
  A spectral orc (D:3)
46 creatures vanquished.

Notes
Turn   | Place    | Note
--------------------------------------------------------------
     0 | D:1      | Enroth the Felid Transmuter began the quest for the Orb.
     0 | D:1      | Reached XP level 1. HP: 9/9 MP: 4/4
   437 | D:1      | Reached XP level 2. HP: 5/12 MP: 4/6
  1167 | D:2      | Found a sparkling altar of Nemelex Xobeh.
  1540 | D:2      | Reached skill level 1 in Stealth
  1568 | D:2      | Reached XP level 3. HP: 3/15 MP: 5/7
  1576 | D:2      | Learned a level 3 spell: Spider Form
  2129 | D:2      | Found a snail-covered altar of Cheibriados.
  2196 | D:2      | Reached XP level 4. HP: 7/19 MP: 4/8
  2537 | D:3      | Found a basalt altar of Yredelemnul.
  2627 | D:3      | Noticed Terence
  2828 | D:3      | Killed from afar by an orc priest
  2829 | D:3      | Reached XP level 3. HP: -7/15 MP: 2/7
  2835 | D:3      | Reached XP level 4. HP: 19/19 MP: 7/9
  2869 | D:3      | Killed from afar by an orc wizard

Vault maps used:
D:1:      dpeg_arrival_windows_large_door, minmay_crystal_room
D:2:      nemelex_deck, cheibriados_altar_wand_db
D:3:      kennysheep_big_flooded_room, yredelemnul_forgotten_temple_becter,
          gammafunk_temple_overflow_pools, st_stairs_7, uniq_terence

Action                   |  1- 3 |  4- 6 || total
-------------------------+-------+-------++-------
Melee: Unarmed           |   107 |    35 ||   142
 Cast: Beastly Appendage |    17 |     3 ||    20
       Spider Form       |     4 |     1 ||     5
 Stab: Sleeping          |     5 |     1 ||     6
       Distracted        |     1 |       ||     1
  Eat: Chunk             |     6 |     3 ||     9
